 Dungeon Crawl Stone Soup version 0.20.1-1-g8b1a95d (webtiles) character file.

89 Peloso the Covered (level 4, -7/42 HPs)
             Began as a Deep Dwarf Fighter on Aug 3, 2017.
             Mangled by Peloso's ghost (11 damage)
             ... on level 3 of the Dungeon.
             The game lasted 00:03:10 (1487 turns).

Peloso the Covered (Deep Dwarf Fighter)             Turns: 1487, Time: 00:03:10

Health: -7/42      AC: 14    Str: 25    XL:     4   Next: 31%
Magic:  13/13      EV:  8    Int:  9    God:
Gold:   72         SH: 10    Dex: 12    Spells: 3/3 levels left

rFire    . . .     SeeInvis .   s - +2 rapier (protect)
rCold    . . .     Gourm    .   c - +0 shield
rNeg     . . .     Faith    .   b - +0 scale mail
rPois    .         Spirit   .   (no helmet)
rElec    .         Reflect  .   (no cloak)
rCorr    +         Harm     .   (no gloves)
MR       .....                  (no boots)
Stlth    ..........             (no amulet)
Regen    0.0/turn               e - ring of magical power
MPRegen  0.2/turn               k - ring of resist corrosion

@: mighty, protection aura, non-regenerating
A: damage resistance, heal wounds, sense surroundings 1, no regeneration
a: Heal Wounds


You were on level 3 of the Dungeon.
You were very hungry.

You visited 1 branch of the dungeon, and saw 3 of its levels.

You collected 72 gold pieces.

Inventory:

Hand Weapons
 a - a +0 long sword
 s - a +2 rapier of protection (weapon)
Armour
 b - a +0 scale mail (worn)
 c - a +0 shield (worn)
Jewellery
 e - a ring of magical power (left hand)
 k - a ring of resist corrosion (right hand)
Scrolls
 g - a scroll of magic mapping {unknown}
 h - a scroll of immolation {unknown}
 j - a scroll of noise {unknown}
 l - a scroll of remove curse {unknown}
 m - a scroll of enchant armour {unknown}
 n - a scroll of enchant weapon {unknown}
 p - a scroll of amnesia {unknown}
Potions
 d - a potion of might
 o - a potion of degeneration {unknown}
 q - 2 potions of ambrosia {unknown}
 r - a potion of agility {unknown}
Comestibles
 f - 4 bread rations
 i - 2 royal jellies
 t - a chunk of flesh


   Skills:
 + Level 3.0 Fighting
 + Level 2.8 Long Blades
 + Level 4.1 Armour
 + Level 0.7 Dodging
 + Level 0.3 Stealth
 + Level 4.0 Shields


You had 3 spell levels left.
You didn't know any spells.

Dungeon Overview and Level Annotations

Branches:
Dungeon (3/15)

Altars:

Annotations:
D:3 1 transporter, Peloso's ghost, amateur DDFi


Innate Abilities, Weirdness & Mutations

You are resistant to damage.
You can heal yourself by infusing magical energy.
You passively map a small area around you.
You do not regenerate.


Message History

You puncture Peloso's ghost!
Peloso's ghost is heavily damaged.
The ooze hits you but does no damage. Peloso's ghost hits you.
You closely miss Peloso's ghost.
Peloso's ghost is heavily damaged.
You block the ooze's attack. Peloso's ghost hits you.
The ooze barely misses you.
Your scale mail prevents you from hitting Peloso's ghost.
Peloso's ghost is heavily damaged.
Peloso's ghost hits you but does no damage.
You block the ooze's attack.
You hit Peloso's ghost.
Peloso's ghost is severely damaged.
Peloso's ghost hits you!
* * * LOW HITPOINT WARNING * * *
You block the ooze's attack.
You hit Peloso's ghost.
Peloso's ghost is severely damaged.
Peloso's ghost hits you!
You die...

* * ..#.#.....?. ,
, , *
#,,#.....###### *
* *
#.##.....#8P#;≈ *
##........#.(#..
....#.....#©%+.. ,
##..#.....#..#..
###.........#8P#;≈
≈ ≈
..........W.######
* *
......#..J@...$...
,
...............##.
* *
...##........#* #
#######..# ,,,*
*..# ,, * *, ,.# ,
** , ** * .# * **
, ** ,


You could see 2 electric eels, Peloso's ghost and an ooze.

Vanquished Creatures
  5 adders (D:2)
  2 worms (D:2)
  A dart slug (D:1)
  A leopard gecko (D:1)
  3 giant cockroaches
  6 goblins
  4 hobgoblins
  3 kobolds
  4 bats
  2 frilled lizards
  7 rats
38 creatures vanquished.

Notes
Turn   | Place    | Note
-------+----------+-------------------------------------------
     0 | D:1      | Peloso the Deep Dwarf Fighter began the quest for the Orb.
     0 | D:1      | Reached XP level 1. HP: 20/20 MP: 1/1
   164 | D:1      | Reached XP level 2. HP: 25/27 MP: 2/2
   676 | D:2      | Reached XP level 3. HP: 29/34 MP: 3/3
   967 | D:2      | Reached XP level 4. HP: 26/42 MP: 4/4
  1421 | D:3      | Found a transporter.
  1421 | D:3      | Noticed Peloso's ghost (amateur DDFi)
  1487 | D:3      | Mangled by Peloso's ghost

Skill      XL: |  1  2  3 |
---------------+----------+-----
Fighting       | 3 |  3.0
Armour         | 4 |  4.1
Shields        | 4 |  4.0
Long Blades    | |  2.8
Dodging        | |  0.7
Stealth        | |  0.3

Action                   |  1- 3 |  4- 6 || total
-------------------------+-------+-------++-------
Melee: Long sword        |    92 |    35 ||   127
       Rapier            |       |     9 ||     9
 Abil: Heal Wounds       |       |     1 ||     1
  Use: Potion            |       |     1 ||     1
  Eat: Chunk             |       |     1 ||     1
Armor: Scale mail        |    33 |    25 ||    58
Dodge: Dodged            |    32 |    10 ||    42
Block: Shield            |    44 |    37 ||    81
       Rpst.: Long sword |    12 |     1 ||    13
